 Dungeon Crawl Stone Soup version 0.31-a0-1074-g0b22e4e0f1 (webtiles) character file.

Game seed: 8009755567895367545

207 grandjackal the Slasher (level 5, -1/46 HPs)
             Began as a Draconian Gladiator on Nov 30, 2023.
             Slain by Ijyb
             ... wielding a +4 dagger of protection
              (7 damage)
             ... on level 3 of the Dungeon.
             The game lasted 00:02:49 (2519 turns).

grandjackal the Slasher (Draconian Gladiator)       Turns: 2519, Time: 00:02:50

Health: -1/46      AC:  5    Str: 17    XL:     5   Next: 54%
Magic:  5/5        EV: 13    Int:  8    God:
Gold:   197        SH:  0    Dex: 14    Spells: 4/4 levels left

rFire   . . .        a - +0 long sword
rCold   . . .        (no shield)
rNeg    . . .        (body armour unavailable)
rPois   .            b - +0 hat
rElec   .            (no cloak)
rCorr   .            (no gloves)
SInv    .            (no boots)
Will    .....        (no amulet)
Stlth   +            (no ring)
HPRegen 0.27/turn    (no ring)
MPRegen 0.09/turn

%: no passive effects
@: no status effects
A: AC +5, unfitting armour, cold-blooded
a: no special abilities


You were on level 3 of the Dungeon.
You visited 1 branch of the dungeon, and saw 3 of its levels.

You collected 197 gold pieces.

Inventory:

Hand Weapons
 a - a +0 long sword (weapon)
 e - a +0 rapier
Missiles
 c - 2 throwing nets
 d - a javelin
 j - 4 boomerangs (quivered)
 s - 5 curare-tipped darts
Armour
 b - a +0 hat (worn)
Jewellery
 q - an amulet of magic regeneration
Scrolls
 g - 4 scrolls of identify {unknown}
 h - 2 scrolls of immolation {unknown}
 k - a scroll of enchant armour {unknown}
 m - a scroll of revelation {unknown}
 o - a scroll of silence {unknown}
 t - a scroll of fog {unknown}
 u - a scroll of noise {unknown}
Potions
 f - a potion of mutation {unknown}
 i - a potion of might {unknown}
 l - a potion of haste {unknown}
 n - a potion of heal wounds {unknown}
 p - a potion of lignification {unknown}
 r - a potion of curing {unknown}


   Skills:
 + Level 4.2 Fighting
 + Level 4.3 Long Blades
 - Level 1.7 Throwing
 + Level 3.9 Dodging


You had 4 spell levels left.
You didn't know any spells.
Your spell library contained the following spells:

 Spells                   Type           Power      Damage    Failure   Level
 Blink                    Tloc           0%         N/A       54%         2
 Manifold Assault         Tloc           0%         N/A       99%         4


Dungeon Overview and Level Annotations

Branches:
Dungeon (3/15)

Altars:
Gozag

Annotations:
D:3 3 runed translucent doors, BLEEG's ghost, amateur DrFE; Ijyb


Innate Abilities, Weirdness & Mutations

Your plain brown scales are hard. (AC +5)
You cannot fit into any form of body armour.
You are cold-blooded and may be slowed by cold attacks.


Message History

The goblin hits you but does no damage. Ijyb barely misses you.
Ijyb hits you with a +4 dagger of protection.
The goblin hits you but does no damage.
You hit Ijyb. You tail-slap Ijyb.
Ijyb is almost dead.
Ijyb zaps a wand.
The roots erupt in riotous growth!
The grasping roots grab you!
The goblin is unaffected.
Ijyb is unaffected.
The grasping roots constrict you. The goblin closely misses you.
Unknown command.
Unknown command.
You closely miss Ijyb.
Ijyb is almost dead.
Ijyb hits you with a +4 dagger of protection.
The grasping roots constrict you. The goblin barely misses you.
Unknown command.
You hit Ijyb but do no damage.
Ijyb is almost dead.
A jelly comes into view.
Ijyb hits you with a +4 dagger of protection.
The grasping roots constrict you. The goblin barely misses you.
The grasping roots release their grip on you.
Unknown command.
You barely miss Ijyb.
Ijyb is almost dead.
The goblin closely misses you. Ijyb barely misses you.
Unknown command.
You hit Ijyb.
Ijyb is almost dead.
The goblin hits you but does no damage. Ijyb completely misses you.
Ijyb hits you with a +4 dagger of protection!
* * * LOW HITPOINT WARNING * * *
The goblin hits you with a +0 dagger of protection.
* * * LOW HITPOINT WARNING * * *
You barely miss Ijyb. You tail-slap Ijyb, but do no damage.
Ijyb is almost dead.
The goblin hits you with a +0 dagger of protection.
* * * LOW HITPOINT WARNING * * *
Ijyb hits you with a +4 dagger of protection!
You die...

#.... #..> #######...
...... ........J# .##..#
.........# ####.##...
.........# .#.......
......gg.# ..#.#..>
...?...@.# #..⌠....
.........########.......
.........?..............
##.........##########.....
#.........## #.....
#.........# #.....
#.........## ###.....
#..........#### ##.......
#.............####........


You could see Ijyb, a jelly and a goblin.

Vanquished Creatures
  Terence (D:2)
  Natasha (thrice) (D:2)
  2 adders
  5 dart slugs
  2 orcs (D:3)
  3 ball pythons
  5 endoplasms
  5 giant cockroaches
  3 goblins
  5 hobgoblins
  13 jackals
  7 quokkas
  4 bats
  6 frilled lizards
  4 kobolds
  5 rats
73 creatures vanquished.

Notes
Turn   | Place    | Note
-------+----------+-------------------------------------------
     0 | D:1      | grandjackal the Draconian Gladiator began the quest for the
                  | Orb.
     0 | D:1      | Reached XP level 1. HP: 17/17 MP: 1/1
   110 | D:1      | Reached XP level 2. HP: 22/25 MP: 2/2
   159 | D:1      | Found a faded altar of an unknown god.
   375 | D:1      | Reached XP level 3. HP: 27/30 MP: 3/3
   892 | D:2      | Reached XP level 4. HP: 34/38 MP: 4/4
  1277 | D:2      | Noticed Natasha
  1294 | D:2      | Killed Natasha
  1583 | D:2      | Noticed Natasha
  1590 | D:2      | Killed Natasha
  1627 | D:2      | Noticed Terence
  1663 | D:2      | Killed Terence
  1664 | D:2      | Reached XP level 5. HP: 21/46 MP: 5/5
  1914 | D:2      | Noticed Natasha
  1923 | D:2      | Killed Natasha
  1993 | D:3      | Found a runed translucent gate.
  1993 | D:3      | Found a runed translucent gate.
  1993 | D:3      | Found a runed translucent gate.
  1994 | D:3      | Noticed BLEEG's ghost (amateur DrFE)
  2247 | D:3      | Found an opulent altar of Gozag.
  2506 | D:3      | Noticed Ijyb
  2519 | D:3      | Slain by Ijyb

Illustrated notes

Levels and vault maps discovered:
D:1:      matt_arrival_grand_opening, layout_basic,
          dreamdust_ecumenical_altar_grove
D:2:      layout_basic, uniq_terence, uniq_natasha
D:3:      minmay_wonky_spiral, layout_rooms, grunt_gozag_breadcrumbs,
          gammafunk_ghost_necromancy, hangedman_feature_mirror,
          kennysheep_cross_bottleneck, uniq_ijyb

Skill      XL: |  1  2  3  4  5 |
---------------+----------------+-----
Dodging        | 3 |  3.9
Fighting       | 3 4 |  4.2
Long Blades    | 4 |  4.3
Throwing       | |  1.7

Action                     |  1- 3 |  4- 6 || total
---------------------------+-------+-------++-------
  Melee: Long sword        |   121 |   116 ||   237
         Tailslap          |    10 |    20 ||    30
         Punch             |     1 |       ||     1
         Rapier            |       |     6 ||     6
  Throw: Throwing net      |       |     3 ||     3
         Boomerang         |       |     1 ||     1
   Stab: Sleeping          |     3 |     2 ||     5
 Armour: Skin              |    96 |    69 ||   165
  Dodge: Dodged            |   101 |    84 ||   185

Table legend: (Time is in decaauts)
 A = Elapsed time spent in this place.
 B = Non-inter-level travel time spent in this place.
 C = Inter-level travel time spent in this place.
 D = Time resting spent in this place.
 E = Time spent auto-exploring this place.
 F = Levels seen in this place.
 G = Mean time per level.
                   A        B        C        D        E       F      G
               +--------+--------+--------+--------+--------+-----+--------+
         Total |   2581 |   2502 |     79 |    271 |   1625 |   3 |  860.3 |
       Dungeon |   2581 |   2502 |     79 |    271 |   1625 |   3 |  860.3 |
               +--------+--------+--------+--------+--------+-----+--------+

Top non-repeatable levels by time:
     D:2: 1149 daAuts
     D:1: 873 daAuts
     D:3: 558 daAuts
